 Dungeon Crawl Stone Soup version 0.20.1-1-g8b1a95d (webtiles) character file.

135 Ragecrab the Shield-Bearer (level 4, -2/42 HPs)
             Began as a Deep Dwarf Fighter on July 2, 2017.
             Killed by divine providence
             ... invoked by an orc priest
              (8 damage)
             ... on level 3 of the Dungeon on July 3, 2017.
             The game lasted 00:17:38 (2161 turns).

Ragecrab the Shield-Bearer (Deep Dwarf Fighter)     Turns: 2161, Time: 00:17:39

Health: -2/42      AC: 10    Str: 25    XL:     4   Next: 97%
Magic:  4/4        EV:  7    Int:  9    God:
Gold:   151        SH: 10    Dex: 12    Spells: 3/3 levels left

rFire    . . .     SeeInvis +   t - +1 whip
rCold    + + .     Gourm    .   c - +0 shield
rNeg     . . .     Faith    .   b - +0 scale mail
rPois    .         Spirit   .   r - +0 helmet
rElec    .         Reflect  .   (no cloak)
rCorr    .         Harm     .   (no gloves)
MR       .....                  (no boots)
Stlth    ..........             (no amulet)
Regen    0.0/turn               q - ring of protection from cold
MPRegen  0.1/turn               o - ring of protection from cold

@: mighty, non-regenerating
A: damage resistance, heal wounds, hooves 1, icy blue scales 1, see invisible,
sense surroundings 1, no regeneration
a: Heal Wounds


You were on level 3 of the Dungeon.
You were not hungry.

You visited 1 branch of the dungeon, and saw 3 of its levels.

You collected 151 gold pieces.

Inventory:

Hand Weapons
 t - a +1 whip (weapon)
Armour
 b - a +0 scale mail (worn)
 c - a +0 shield (worn)
 r - a +0 helmet (worn)
Jewellery
 o - a ring of protection from cold (right hand)
 q - a ring of protection from cold (left hand)
Scrolls
 g - a scroll of amnesia
 j - 2 scrolls of enchant armour
 m - 5 scrolls of identify
Potions
 a - a potion of cancellation {unknown}
 e - a potion of degeneration {unknown}
 h - a potion of lignification
 i - a potion of resistance
 k - a potion of flight {unknown}
 n - a potion of berserk rage
Comestibles
 f - 2 bread rations


   Skills:
 + Level 3.3 Fighting
 + Level 3.7 Maces & Flails
 + Level 3.7 Armour
 + Level 0.2 Dodging
 + Level 0.3 Stealth
 + Level 4.1 Shields


You had 3 spell levels left.
You didn't know any spells.

Dungeon Overview and Level Annotations

Branches:
Dungeon (3/15)

Altars:
Cheibriados
Hepliaklqana
Qazlal

Annotations:
D:3 2 transporters


Innate Abilities, Weirdness & Mutations

You are resistant to damage.
You can heal yourself by infusing magical energy.
You passively map a small area around you.
You do not regenerate.
You have large cloven feet.
You are partially covered in icy blue scales. (AC +2)
You have supernaturally acute eyesight. (SInv)


Message History

Pain shoots through your body!
* * * LOW HITPOINT WARNING * * *
An orc and an orc priest come into view.
The orc priest shouts!
You hit the orc priest.
The orc priest is heavily wounded.
The orc priest calls upon Beogh to heal the orc priest.
The orc priest is healed somewhat.
The orc priest hits you but does no damage.
You feel very mighty all of a sudden. You block the orc priest's attack.
You closely miss the orc priest. Your kick misses the orc priest.
The orc priest is moderately wounded.
The orc priest miscasts a cantrip.
The orc priest hits you but does no damage.
You whack the orc priest! Your kick misses the orc priest.
The orc priest is almost dead.
The orc priest invokes the aid of Beogh against you.
Beogh smites you!
You die...

.##......# #.# (##(###### #.#
....# #.# ....# #.# ....#### #.#
### #### ### ###....# #####.# #..
,,..# #.. #.##.###.....### #.#
#.# #.#
#........###...####.#####.###[#
#.#..##### #..@o.##.##...†.....
###.#..# #..<#.##.##.##.###.#
.......# ##o##...>...##.# #.#
####...# #o#####.......# #..
#...# #####o############# #..
#...# #....o.....##########.#
#.(.# #........#.#.......##.#
####...####........#.#.......##.#
......<...(..................##.#


You could see 3 orc priests and 2 orcs.

Vanquished Creatures
  4 gnolls (D:3)
  4 adders
  A worm (D:2)
  A dart slug (D:1)
  2 ball pythons
  3 giant cockroaches
  9 goblins
  6 hobgoblins
  7 jackals
  3 bats
  4 frilled lizards
  6 kobolds
  8 rats
58 creatures vanquished.

Notes
Turn   | Place    | Note
-------+----------+-------------------------------------------
     0 | D:1      | Ragecrab the Deep Dwarf Fighter began the quest for the Orb.
     0 | D:1      | Reached XP level 1. HP: 20/20 MP: 1/1
   116 | D:1      | Upgraded the game from 0.20.1 to 0.20.1-1-g8b1a95d
   401 | D:1      | Reached XP level 2. HP: 28/28 MP: 2/2
   885 | D:1      | You fall through a shaft!
   974 | D:2      | Reached XP level 3. HP: 19/34 MP: 3/3
  1030 | D:2      | Gained mutation: You are partially covered in icy blue scales. (AC +2) [potion of mutation]
  1030 | D:2      | Gained mutation: You have supernaturally acute eyesight. (SInv) [potion of mutation]
  1030 | D:2      | Gained mutation: You have large cloven feet. [potion of mutation]
  1702 | D:3      | Found a snail-covered altar of Cheibriados.
  1703 | D:3      | Found a transporter.
  1704 | D:3      | Reached skill level 4 in Shields
  1710 | D:3      | Found a transporter.
  1727 | D:3      | Reached XP level 4. HP: 40/42 MP: 4/4
  2046 | D:3      | Found a hazy altar of Hepliaklqana.
  2047 | D:3      | Found a stormy altar of Qazlal.
  2161 | D:3      | Killed from afar by an orc priest

Skill      XL: |  1  2  3 |
---------------+----------+-----
Fighting       | 3 |  3.3
Maces & Flails | 3 |  3.7
Shields        | 4 |  4.1
Armour         | |  3.7
Dodging        | |  0.2
Stealth        | |  0.3

Action                   |  1- 3 |  4- 6 || total
-------------------------+-------+-------++-------
Melee: Flail             |   117 |       ||   117
       Whip              |    29 |    52 ||    81
       Kick              |    14 |    13 ||    27
  Use: Potion            |     7 |     1 ||     8
       Scroll            |     6 |       ||     6
  Eat: Chunk             |     2 |     2 ||     4
Armor: Scale mail        |    51 |    19 ||    70
Dodge: Dodged            |    43 |    14 ||    57
Block: Shield            |    72 |    26 ||    98
